Cogmind - Beta 17.1 *** ADVENTURER MODE // 2026.09.21 @ 08:49:11 Player: F-forge Result: Destroyed by P-70 Sage with Tesla Rifle Performance ------------- Evolutions (6) 3000 Regions Visited (12) 2400 Robots Destroyed (300) 1500 Value Destroyed (9900) 9900 Prototype IDs (15) 300 Alien Tech Used (0) 0 Bonus (3555) 3555 TOTAL SCORE: 20655 Bonus ------- High Alert Combat Kills 1018 Follower Combat Kills 1788 Built Enhanced Grunts 300 A7 Reached Mainframe 300 Met R17 at Cetus 500 Friendly Fire -351 Cogmind --------- Core Integrity 0/1150 Matter 181/300 Energy 98/100 System Corruption 6% Temperature Cool (0) Movement Core (50) Location -4/Factory Parts ------- > --- POWER (2) -------- (None) > --- PROPULSION (5) --- (None) > --- UTILITY (9) ------ (None) > --- WEAPON (3) ------- (None) > --- INVENTORY (5) ---- Improved Heavy Treads Improved Sensor Array Heavy Rocket Launcher Lance Peak State ------------ > --- POWER ------------ Reinforced Fission Core > --- PROPULSION ------- Improved Medium Treads Centrium Heavy Treads Centrium Heavy Treads > --- UTILITY ---------- Advanced Heat Sink Advanced Heat Sink Large Storage Unit Visual Processing Unit Improved Signal Interpreter Advanced Terrain Scan Processor Improved Core Shielding Advanced System Shield > --- WEAPON ----------- Heavy Phase Cannon Railgun Mass Driver > --- INVENTORY -------- Fission Core Antimatter Reactor Medium Treads Carbon-fiber Leg Carbon-fiber Leg Armored Leg Armored Leg Advanced Heat Sink Energy Well Structural Scanner Improved Arc Projector Enhanced Gauss Cannon Heavy Rocket Launcher Advanced Datajack Phasing Sabre [Rating: 104] Favorites ----------- Power Ion Engine Engine Ion Engine Power Core Reinforced Fission Core Reactor Cold Fusion Reactor Propulsion Light Treads Treads Light Treads Leg Titanium Leg Wheel Centrium Wheel Hover Unit Airjet Flight Unit Nuclear Pulse Array Utility Large Storage Unit Device Advanced Heat Sink Storage Large Storage Unit Processor Improved Signal Interpreter Hackware Advanced System Shield Protection Improved Core Shielding Weapon Light Assault Rifle Energy Gun Wave Gun Energy Cannon Heavy Phase Cannon Ballistic Gun Light Assault Rifle Ballistic Cannon Mass Driver Launcher Rocket Launcher Special Weapon Mining Laser Impact Weapon Powered Hammer Slashing Weapon Katana Piercing Weapon Heavy Pick Special Melee Weapon Improved Datajack Build | -11 -10 -9 -9 -9 -7 -6 -5 -5 -5 -5 -5 -4 ------- Run | Yrd Mat Mat Sto Rec Fac Fac Fac Ext Cet Arc Hub Fac Slots Evolved 12 | . . 2 . . 4 2 2 . . . . 2 Power 1 | . . . . . . . . . . . . 1 Propulsion 3 | . . 1 . . 1 1 . . . . . . Utility 7 | . . 1 . . 2 1 2 . . . . 1 Weapon 1 | . . . . . 1 . . . . . . . Parts Attached 222 | 9 9 41 9 1 43 20 21 27 7 . 15 20 Power 30 | 1 3 8 3 . 4 2 4 2 . . . 3 Engine 19 | 1 3 8 1 . 2 2 2 . . . . . Core 9 | . . . 1 . 2 . 2 2 . . . 2 Reactor 2 | . . . 1 . . . . . . . . 1 Propulsion 81 | 4 2 18 2 . 19 4 4 14 4 . 4 6 Treads 27 | 2 . 4 . . . 1 . 13 3 . 4 . Leg 40 | 2 2 14 2 . 15 . . . 1 . . 4 Wheel 1 | . . . . . . . . . . . . 1 Hover 8 | . . . . . 4 3 . . . . . 1 Flight 5 | . . . . . . . 4 1 . . . . Utility 65 | 2 2 7 1 . 10 10 10 8 1 . 8 6 Device 35 | 1 . 4 1 . 4 6 4 3 1 . 6 5 Storage 6 | 1 2 1 . . . . . 2 . . . . Processor 15 | . . 1 . . 4 3 3 2 . . 1 1 Hackware 4 | . . . . . 2 1 1 . . . . . Protection 5 | . . 1 . . . . 2 1 . . 1 . Artifact . | . . . . . . . . . . . . . Weapon 46 | 2 2 8 3 1 10 4 3 3 2 . 3 5 Energy Gun 15 | . . 4 3 . 4 . 1 1 1 . . 1 Energy Cannon 3 | . . . . . 1 . . . 1 . . 1 Ballistic Gun 12 | 2 1 2 . . 2 1 . 1 . . 1 2 Ballistic Cannon 3 | . . . . . . 1 . . . . 2 . Launcher 2 | . . 1 . . . 1 . . . . . . Special Weapon 1 | . 1 . . . . . . . . . . . Impact Weapon 2 | . . . . . . . 2 . . . . . Slashing Weapon 6 | . . 1 . . 3 . . 1 . . . 1 Piercing Weapon 1 | . . . . . . 1 . . . . . . Special Melee Weapon 1 | . . . . 1 . . . . . . . . Unidentified Prototypes 12 | . . 4 2 . 4 . 1 . 1 . . . Corrupted Parts 1 | . . . . . 1 . . . . . . . System Corruption 3 | . . . . . 3 . . . . . . . Parts Lost 88 | . . 2 4 . 14 25 2 6 2 . 7 26 Power 9 | . . . . . 2 4 . . . . . 3 Propulsion 32 | . . . 1 . 5 9 2 2 2 . 1 10 Utility 26 | . . 1 1 . 4 7 . 4 . . 3 6 Weapon 21 | . . 1 2 . 3 5 . . . . 3 7 Highest Loss Streak 15 | . . 1 2 . 4 15 1 3 1 . 3 12 To Critical Strikes 6 | . . . . . . 1 . 1 2 . 2 . Average Backups 10 | 6 9 14 14 15 13 7 3 5 13 12 14 9 Power 1 | . . 1 1 1 1 . . . . 1 1 . Propulsion 2 | 1 2 2 1 2 3 1 1 2 5 4 4 1 Utility 3 | 2 4 6 8 8 3 1 . . 1 2 3 3 Weapon 2 | 1 2 2 2 4 4 2 1 2 5 5 4 2 Tool/Special . | . . . . . . . . . . . . . Unused Backups 29 | . 3 4 4 . 4 1 . 4 . 1 3 5 Power 2 | . 1 . . . . . . 1 . . . . Propulsion 13 | . 1 1 3 . 2 . . 3 . 1 1 1 Utility 8 | . 1 1 1 . 2 1 . . . . 1 1 Weapon 4 | . . 1 . . . . . . . . 1 2 Tool/Special 2 | . . 1 . . . . . . . . . 1 Average Slot Usage (%) 90 | . 100 99 98 100 93 70 67 88 92 86 90 65 Engine 3 | . 14 11 4 . . 3 3 . . . . . Core 1 | . . . . . 1 1 . 5 5 5 5 3 Reactor 2 | . . . 6 11 5 . . . . . . 3 Treads 7 | . 17 1 . . . . . 24 23 17 19 6 Leg 16 | . 10 31 32 33 23 11 . . 1 . . 7 Hover 1 | . . . . . 5 6 . . . . . . Device 10 | . 14 10 10 11 6 11 11 11 11 11 12 12 Storage 7 | . 14 11 11 11 7 2 . . 5 5 5 3 Processor 13 | . . 10 11 11 11 12 19 20 23 23 19 10 Hackware 3 | . . . . . 7 5 . 5 5 5 5 3 Energy Gun 5 | . . 4 11 11 8 2 3 5 6 5 2 1 Ballistic Gun 5 | . 27 10 3 . 3 2 . 2 3 4 4 1 Slashing Weapon 3 | . . 6 6 . 6 2 . 4 1 . . 2 Peak Build Rating 104 | 7 8 23 30 28 51 48 78 71 92 94 104 102 Average Rating 31 | 6 7 14 26 28 41 39 61 62 71 92 94 64 On Entrance 42 | . 7 8 23 28 28 36 5 67 70 92 94 90 Avg Prop Armor Cover (%) 6 | . . 5 . . . 5 . 6 5 . 11 7 Naked Turns 56 | . . . . . . . . . . . . 56 Heaviest Build 80 | 13 28 35 41 39 43 44 31 57 63 63 70 80 Greatest Support 190 | 40 40 51 51 44 64 59 32 122 180 180 190 161 Greatest Overweight (x) 3 | . . 1 2 . 1 1 3 . . . . 3 Average Overweight (x) . | . . . . . . . . . . . . . Largest Inventory Capacity 25 | 8 15 15 15 15 15 15 5 25 15 15 15 15 Average Capacity 11 | 7 10 15 15 15 15 9 5 6 15 15 15 12 Most Carried 15 | 8 12 15 15 15 15 14 5 15 15 15 15 14 Average Carried 10 | 6 9 14 14 15 13 7 4 6 13 12 14 9 Final Capacity 15 | 8 15 15 15 15 15 5 5 15 15 15 15 5 Final Carried 15 | 7 12 15 15 15 13 3 4 15 15 13 15 5 Class Distribution -------------------- 48% | Mutant 16% | Hacker-Mutant 14% | Scavenger-Mutant 6% | Commander-Mutant 3% | Scavenger-Skirmisher 3% | Scavenger-Tank Dominant Class ---------------- Mutant | -10/Materials Scavenger-Mutant | -9/Materials Mutant | -9/Storage Commander-Mutant | -9/Recycling Hacker-Mutant | -7/Factory Hacker-Mutant | -6/Factory Scout | -5/Factory Scavenger-Mutant | -5/Extension Scavenger-Mutant | -5/Cetus Scavenger-Tank | -5/Archives Scavenger-Skirmisher | -5/Hub_04(d) Scavenger-Assassin | -4/Factory Resources | -11 -10 -9 -9 -9 -7 -6 -5 -5 -5 -5 -5 -4 ----------- Run | Yrd Mat Mat Sto Rec Fac Fac Fac Ext Cet Arc Hub Fac Matter Collected 6485 | 336 282 931 538 10 1570 111 480 471 310 43 869 534 Remotely . | . . . . . . . . . . . . . Salvage Created 11585 | 303 611 1348 1793 246 2698 534 487 886 521 163 1474 521 Parts 621 | 21 30 104 109 14 141 24 12 34 32 8 67 25 Haulers Intercepted 16 | . 1 5 4 . 4 1 . 1 . . . . Recyclers Shooed 14 | . 1 1 4 1 . 1 . . . . 4 2 Parts Field Recycled . | . . . . . . . . . . . . . Retrieved Matter . | . . . . . . . . . . . . . Parts Self-Destructed . | . . . . . . . . . . . . . Prevented . | . . . . . . . . . . . . . Parts Restored . | . . . . . . . . . . . . . Kills | -11 -10 -9 -9 -9 -7 -6 -5 -5 -5 -5 -5 -4 ------- Run | Yrd Mat Mat Sto Rec Fac Fac Fac Ext Cet Arc Hub Fac Combat Hostiles Destroyed 178 | . 12 24 30 3 47 7 6 9 9 2 18 11 Melee 11 | . . 5 . . . . 1 2 . . . 3 Guns 114 | . 12 16 25 3 30 4 2 6 8 2 3 3 Cannons 24 | . . . . . 2 3 . . 1 . 14 4 AOE 25 | . . 3 4 . 14 . 3 . . . . 1 Classes Destroyed 16 | 3 5 3 . 1 4 . . . . . . . Worker 27 | 4 . 4 4 . 9 . 2 . . . 4 . Builder 29 | . . 3 3 2 7 1 5 4 . . 3 1 Tunneler 8 | 7 . . . . . 1 . . . . . . Hauler 16 | . 1 5 4 . 4 1 . 1 . . . . Recycler 14 | 1 1 1 2 1 3 . 1 1 . . 3 . Mechanic 3 | . 1 . . . . 1 . . . . . 1 Operator 9 | . . 2 2 . 4 . . . . 1 . . Watcher 16 | . 1 5 2 . 1 . 1 2 2 . 2 . Swarmer 28 | . 3 9 3 . 6 . . 2 3 . . 2 Grunt 78 | . 9 9 16 . 26 1 2 4 2 . 6 3 Brawler 5 | . . . . . 1 1 . 1 . . 2 . Duelist 2 | . . . . . 1 . . . . . 1 . Protector 1 | . . . . 1 . . . . . . . . Sentry 29 | . . 6 11 2 1 2 . 2 . 2 3 . Hunter 15 | . . . . . 7 2 . . . . 2 4 Programmer 16 | . . . . . 5 1 4 . . . 4 2 Cetus Guard 4 | . . . . . . . . . 4 . . . Best Kill Streak 6 | 2 4 5 6 2 6 4 4 3 4 1 5 4 Combat Bots Only 4 | . 3 3 4 1 4 2 3 3 3 1 3 4 Max Kills in Single Turn 3 | 1 1 2 3 1 3 1 2 1 2 1 1 1 Gunslinging 1 | . . . . . 1 . . . . . . . Exploded 2 | . . 2 1 . 2 . 2 . . . . 1 Melee 1 | . . 1 . . . . 1 1 . . . 1 Uniques/NPCs Destroyed . | . . . . . . . . . . . . . Combat | -11 -10 -9 -9 -9 -7 -6 -5 -5 -5 -5 -5 -4 -------- Run | Yrd Mat Mat Sto Rec Fac Fac Fac Ext Cet Arc Hub Fac Hostile Shots Fired 1738 | . 72 164 79 4 299 311 82 98 59 20 118 432 Missed 547 | . 15 46 24 2 102 122 34 23 17 6 31 125 Hits 1191 | . 57 118 55 2 197 189 48 75 42 14 87 307 Melee 28 | . . 2 . . . 15 1 3 . . 7 . Projectile 1163 | . 57 116 55 2 197 174 47 72 42 14 80 307 AOE 2 | . . . . . . 1 1 . . . . . Critical Strikes 73 | . 2 1 . . 9 14 7 5 11 . 11 13 Actively Blocked 3 | . . . . . . . . . . . . 3 Part Disruptions 2 | . . . . . . . . 1 . . 1 . Damage Taken 15366 | . 571 1104 749 21 2324 2308 739 1009 580 288 1437 4236 Core 2801 | . 129 115 75 . 421 650 47 55 56 24 76 1153 Absorbed by Shields 366 | . . . . . 48 . . 61 257 . . . Redirected to Shielding 100 | . . . . . . . . . . . 12 88 Ignored by Resistances 4523 | . 171 326 216 6 686 666 234 296 232 78 402 1210 Regen/Repaired (Parts) 428 | . . 105 153 . 170 . . . . . . . Core Remaining (%) 56 | 100 48 . . 52 39 23 . . . . 74 . Volleys Fired 710 | 33 58 98 92 18 155 36 28 41 28 10 58 55 Largest 3 | 2 2 2 2 1 2 2 1 2 3 3 3 3 Hottest 218 | 40 100 68 105 60 143 143 75 156 204 204 218 129 Shots Fired 1192 | 66 112 147 133 18 249 63 29 56 63 14 153 89 Gun 986 | 66 108 145 133 18 218 40 24 56 54 12 64 48 Cannon 170 | . . . . . 10 23 . . 9 2 89 37 Launcher 32 | . . 2 . . 21 . 5 . . . . 4 Special 4 | . 4 . . . . . . . . . . . Kinetic 662 | 66 108 126 40 . 87 28 . 14 28 2 94 69 Thermal 321 | . 4 15 10 . 93 27 24 42 35 12 59 . Explosive 32 | . . 2 . . 21 . 5 . . . . 4 Electromagnetic 177 | . . 4 83 18 48 8 . . . . . 16 Robot Hit Streak 27 | 18 16 26 26 11 25 19 24 27 27 13 14 24 Robot Miss Streak 4 | 1 4 2 1 2 2 3 1 4 3 . 3 4 Penetration Max 2 | . . . . . 1 1 . . 1 . 1 2 Secondary Targets 8 | . 1 1 . . 3 . . 1 2 . . . Max Gunslinging Chain 1 | . 1 1 . . 1 . . 1 1 . . . Shots Hit Robots 1120 | 55 79 159 127 34 236 61 41 62 53 12 114 87 Core Hits 514 | 24 36 65 64 6 127 25 15 28 26 7 51 40 Critical Kills 6 | . . . 1 . 1 1 . . 2 . 1 . Critical Parts Destroyed 5 | 1 . 1 . . 1 . 1 1 . . . . Critical Strikes 42 | 1 . 6 4 . 9 5 2 5 2 . 5 3 Burn 5 | . . . . . 2 . 1 2 . . . . Meltdown 1 | . . . . . . . . . . . 1 . Destroy 8 | 1 . 1 1 . 2 1 . . 2 . . . Blast 6 | . . . . . . . . . . . 4 2 Corrupt 4 | . . . 2 . 2 . . . . . . . Smash 2 | . . . . . . . 1 1 . . . . Sever 16 | . . 5 1 . 3 4 . 2 . . . 1 Melee Attacks 231 | . . 41 22 20 40 16 29 25 12 . 10 16 Impact 34 | . . . . . . . 29 5 . . . . Slashing 169 | . . 41 22 . 40 8 . 20 12 . 10 16 Piercing 8 | . . . . . . 8 . . . . . . Sneak Attacks 88 | . . 12 10 19 19 4 9 5 . . 6 4 Combat Hostiles 1 | . . . . . . . . . . . . 1 Follow-up Attacks . | . . . . . . . . . . . . . Damage Inflicted 29913 | 450 641 3056 3419 404 7693 1738 1986 1911 1461 321 4145 2688 Guns 13670 | 450 632 1352 2153 345 3407 684 513 922 1153 264 981 814 Cannons 4274 | . . . . . 214 573 . . 308 36 2407 736 Explosions 4045 | . . 166 387 59 2492 . 548 . . . . 393 Melee 7724 | . . 1524 850 . 1572 481 925 988 . . 646 738 Ramming 200 | . 9 14 29 . 8 . . 1 . 21 111 7 Kinetic 8981 | 450 632 1152 421 . 1474 633 . 165 671 26 1996 1361 Thermal 6718 | . . 146 455 59 1757 575 513 757 790 274 1392 . Explosive 3281 | . . 166 39 . 2135 . 548 . . . . 393 Electromagnetic 3009 | . . 54 1625 345 747 49 . . . . . 189 Impact 1147 | . . . . . . . 925 222 . . . . Slashing 6275 | . . 1524 850 . 1572 179 . 766 . . 646 738 Piercing 302 | . . . . . . 302 . . . . . . Highest Corruption 20 | . 1 . . . 11 10 10 16 16 16 20 6 Average Corruption 10 | . 1 . . . 6 5 4 13 16 16 18 4 Corruption Purged . | . . . . . . . . . . . . . Corruption Blocked . | . . . . . . . . . . . . . Effects 301 | . 5 . . . 66 14 19 66 39 15 73 4 Message Errors 66 | . . . . . 13 3 6 9 7 4 23 1 Matter Fused 71 | . 1 . . . 19 3 3 12 11 1 18 3 Heat Flow Errors 48 | . 3 . . . 11 4 4 14 4 1 7 . Energy Discharges 33 | . . . . . 5 . . 15 2 3 8 . Parts Rejected 6 | . . . . . 1 1 1 1 . . 2 . Parts Fused 6 | . 1 . . . 2 1 . . 1 . 1 . Data Loss (minor) 25 | . . . . . 6 1 3 4 5 3 3 . Data Loss (major) 15 | . . . . . 3 . . 4 3 3 2 . Misfires 12 | . . . . . 3 1 1 4 3 . . . Alerts 4 | . . . . . 2 . 1 . 1 . . . Misdirections 2 | . . . . . . . . 1 . . 1 . Weapon Failures 13 | . . . . . 1 . . 2 2 . 8 . Overload Shots . | . . . . . . . . . . . . . Overflow Damage 2059 | . . 108 155 . 540 92 511 230 . . 193 230 Projectiles 178 | . . . . . . 27 46 . . . 100 5 Explosions 309 | . . 1 53 . 172 . 46 . . . . 37 Melee 1572 | . . 107 102 . 368 65 419 230 . . 93 188 Knockbacks 31 | . . . . . . 2 7 2 . . 6 14 Impact 9 | . . . . . . . 6 2 . . 1 . Kinetic 17 | . . . . . . 2 . . . . 5 10 Secondary 5 | . . . . . . . 1 . . . . 4 Self-Inflicted Damage 411 | . 57 46 199 . 109 . . . . . . . Shots 13 | . 1 2 6 . 4 . . . . . . . Rammed 25 | . 1 . . . . . . 1 . 2 18 3 Targets Rammed 40 | . 2 4 8 . 1 . . 1 . 3 18 3 Kicked 14 | . 1 4 8 . 1 . . . . . . . Crushed 1 | . . . . . . . . . . 1 . . Highest Temperature 574 | . 275 10 90 25 303 332 243 284 181 170 574 24 Average Temperature 77 | . 89 5 18 8 76 137 100 97 43 30 170 17 Received Heat Transfer 3986 | . 351 438 273 9 866 468 153 273 69 27 589 470 Effects 5 | . . . . . 1 . . . . . 4 . Shutdowns 1 | . . . . . . . . . . . 1 . Energy Bleed 1 | . . . . . 1 . . . . . . . Matter Decay 1 | . . . . . . . . . . . 1 . Damage (minor) 2 | . . . . . . . . . . . 2 . Siege Activations . | . . . . . . . . . . . . . Martial Activations . | . . . . . . . . . . . . . Shielding Activations . | . . . . . . . . . . . . . Robots Disrupted 1 | . . . . . 1 . . . . . . . Combat Hostiles 1 | . . . . . 1 . . . . . . . Robots Corrupted 11 | . . . 2 . 2 . 5 2 . . . . Combat Hostiles 3 | . . . 1 . 1 . . 1 . . . . Parts Fried 29 | . . . 7 2 6 . 10 2 1 . . 1 Impact Corruptions 29 | . . . . . . . 24 5 . . . . Robots Melted 1 | . . . . . . . . . . . 1 . Combat Hostiles 1 | . . . . . . . . . . . 1 . Parts Melted 13 | . . . . 1 4 1 1 1 1 . 4 . Heat Transferred 10771 | . . 325 660 100 3201 1008 888 1443 1111 407 1628 . Parts Sabotaged . | . . . . . . . . . . . . . Parts Stolen . | . . . . . . . . . . . . . Parts Stripped . | . . . . . . . . . . . . . Power Chain Reactions 6 | . . . 5 1 . . . . . . . . Alert | -11 -10 -9 -9 -9 -7 -6 -5 -5 -5 -5 -5 -4 ------- Run | Yrd Mat Mat Sto Rec Fac Fac Fac Ext Cet Arc Hub Fac Maximum Alert Level 3 | . . . 1 . 3 1 1 . 1 . 1 . Low Security (%) 79 | 100 100 100 82 100 . 28 87 100 85 100 45 100 Level 1 8 | . . . 17 . . 71 12 . 14 . 54 . Level 2 2 | . . . . . 20 . . . . . . . Level 3 9 | . . . . . 79 . . . . . . . Level 4 . | . . . . . . . . . . . . . Level 5 . | . . . . . . . . . . . . . High Security . | . . . . . . . . . . . . . Max Security . | . . . . . . . . . . . . . Peak Influence 958 | 5 160 137 295 112 958 352 290 146 282 196 321 119 Initial 550 | . . 9 3 . 550 351 27 113 21 74 18 97 Average 140 | . 69 25 109 27 758 236 76 49 69 120 189 68 Influence Increases 9894 | 60 580 856 1076 368 2713 514 655 708 533 149 1096 586 Destroy 0b10 Robot/C 4380 | . 240 480 600 100 1100 140 120 480 340 80 480 220 Destroy 0b10 Robot/NC 645 | 60 20 100 85 25 150 20 45 45 10 5 70 10 Destroy Leader 972 | . 54 130 192 . 280 42 22 56 20 . 126 50 Allied During Kill 386 | . . . 10 30 48 . . 25 146 42 85 . Trap Triggered on 0b10 20 | . . . 10 . 10 . . . . . . . Successful Hack 366 | . 39 43 27 26 75 28 48 32 . . 29 19 Select Force Hacks 420 | . 60 60 60 180 60 . . . . . . . Disable Machine 423 | . 27 9 45 . 180 27 36 9 9 18 54 9 Anti-Garrison Action 300 | . . . . . . 150 . . . . 150 . Destroy Structure 517 | . 20 19 47 7 170 2 54 46 8 4 72 68 Advance Influence 550 | . . . . . 550 . . . . . . . Partial Spotted 45 | . . . . . . 15 15 . . . . 15 Lose Combat Pursuer 870 | . 120 15 . . 90 90 315 15 . . 30 195 Influence Decreases 9845 | 60 552 874 1086 368 1880 1282 450 932 358 307 928 768 Entered New Map 1054 | . . 19 7 . . 482 38 157 25 147 45 134 Time Decay 7452 | 60 552 788 1039 368 1520 550 392 627 323 160 713 360 Lost Part 834 | . . 20 40 . 140 250 20 30 10 . 70 254 Lost Ally 458 | . . . . . 220 . . 118 . . 100 20 Purge Threat 47 | . . 47 . . . . . . . . . . Squads Dispatched 86 | . 5 4 7 . 33 7 11 2 . . 7 10 Investigation 23 | . 5 2 3 . 6 2 3 . . . . 2 Extermination 13 | . . . . . 6 1 3 . . . 2 1 Reinforcement 28 | . . 2 1 . 9 1 5 2 . . 4 4 Assault 5 | . . . . . 3 1 . . . . 1 . Garrison 17 | . . . 3 . 9 2 . . . . . 3 Intercept . | . . . . . . . . . . . . . Searches Triggered . | . . . . . . . . . . . . . Construction Impeded 9 | . . . . . 4 . 1 2 . . 1 1 Haulers Reinforced 1 | . . . . . 1 . . . . . . . Active Scanning Responses . | . . . . . . . . . . . . . Cargo Convoy Interrupts 1 | . . . . . . . 1 . . . . . Stealth | -11 -10 -9 -9 -9 -7 -6 -5 -5 -5 -5 -5 -4 --------- Run | Yrd Mat Mat Sto Rec Fac Fac Fac Ext Cet Arc Hub Fac Distress Signals 18 | . 2 2 1 . 4 . 2 . 2 . 5 . Communications Jammed . | . . . . . . . . . . . . . Distress Signals . | . . . . . . . . . . . . . Times Spotted 365 | . 25 33 34 6 72 28 36 24 19 7 40 41 Peak Tracking Total 14 | . 5 4 3 4 5 10 14 5 5 2 7 11 Tactical Retreats 32 | . 3 1 . . 6 4 8 1 . . 2 7 Traps | -11 -10 -9 -9 -9 -7 -6 -5 -5 -5 -5 -5 -4 ------- Run | Yrd Mat Mat Sto Rec Fac Fac Fac Ext Cet Arc Hub Fac Traps Triggered 17 | . 2 . 5 . 3 . 2 3 . . . 2 Indirectly . | . . . . . . . . . . . . . Trap Hack Attempts 2 | . . . . . 2 . . . . . . . Triggered . | . . . . . . . . . . . . . Disarmed . | . . . . . . . . . . . . . Reprogrammed 3 | . . . 2 . 1 . . . . . . . Reused 2 | . . . 1 . 1 . . . . . . . Traps Extracted . | . . . . . . . . . . . . . Installed . | . . . . . . . . . . . . . Triggered 2 | . . . 1 . 1 . . . . . . . Objects Rigged 4 | . . 2 2 . . . . . . . . . Exploded 1 | . . . 1 . . . . . . . . . Machines | -11 -10 -9 -9 -9 -7 -6 -5 -5 -5 -5 -5 -4 ---------- Run | Yrd Mat Mat Sto Rec Fac Fac Fac Ext Cet Arc Hub Fac Machines Disabled 50 | . 3 1 5 . 20 4 4 1 2 2 7 1 Max in Single Turn 5 | . 2 1 1 . 5 1 1 1 1 . 2 1 Garrison Access 6 | . . . 1 . 2 1 1 . . . 1 . Machines Repaired . | . . . . . . . . . . . . . Machines Dismantled . | . . . . . . . . . . . . . Machines Sabotaged . | . . . . . . . . . . . . . Overloaded Fab Kills . | . . . . . . . . . . . . . Hacking | -11 -10 -9 -9 -9 -7 -6 -5 -5 -5 -5 -5 -4 --------- Run | Yrd Mat Mat Sto Rec Fac Fac Fac Ext Cet Arc Hub Fac Machines Accessed 113 | . 10 15 14 12 23 6 11 5 3 1 8 5 Terminals 74 | . 8 11 10 6 10 5 5 5 3 . 8 3 Fabricators 6 | . . . . . 4 . 2 . . . . . Repair Stations 6 | . . 1 1 . 4 . . . . . . . Recycling Units 15 | . 2 2 2 6 2 . 1 . . . . . Scanalyzers 5 | . . 1 . . 1 . 2 . . . . 1 Garrison Access 6 | . . . 1 . 2 1 1 . . . . 1 Total Hacks 352 | . 38 55 35 33 60 17 31 11 12 25 17 18 Successful 220 | . 23 38 23 21 43 6 20 5 3 25 6 7 Failed 130 | . 14 16 12 12 17 11 11 6 9 . 11 11 Catastrophic 20 | . 2 . 3 2 . 1 1 1 3 . 3 4 Database Lockouts 2 | . 1 1 . . . . . . . . . . Manual 214 | . 33 37 24 31 31 10 14 6 1 . 16 11 Terminals 239 | . 35 39 26 22 34 13 18 11 12 . 17 12 Fabricators 13 | . . . . . 9 . 4 . . . . . Repair Stations 19 | . . 3 6 . 10 . . . . . . . Recycling Units 28 | . 3 5 2 11 3 . 4 . . . . . Scanalyzers 18 | . . 8 . . 2 . 4 . . . . 4 Garrison Access 10 | . . . 1 . 2 4 1 . . . . 2 Terminal Hacks 100 | . 12 12 9 9 13 2 8 3 3 25 2 2 Record 32 | . 1 1 . . . . . 1 2 25 1 1 Part Schematic 11 | . 2 . . 6 2 . 1 . . . . . Robot Schematic 2 | . . . . . 2 . . . . . . . Robot Analysis 1 | . . . . . 1 . . . . . . . Prototype ID Bank 2 | . 1 1 . . . . . . . . . . Open Door 7 | . . . 3 . . . 1 2 1 . . . Open DSF 3 | . . . . . 2 1 . . . . . . Level Access Points 4 | . 1 1 . . 1 1 . . . . . . Branch Access Points 7 | . 1 1 1 1 1 . 1 . . . 1 . Emergency Access Points 1 | . . . . . 1 . . . . . . . Terminal Index 8 | . 1 2 1 1 1 . 1 . . . . 1 Recycling Unit Index 7 | . 1 2 1 1 1 . 1 . . . . . Scanalyzer Index 1 | . . . . . . . 1 . . . . . Garrison Index 1 | . 1 . . . . . . . . . . . Unreport Threat 1 | . . 1 . . . . . . . . . . Locate Traps 3 | . . 1 1 . . . 1 . . . . . Reprogram Traps 1 | . . . 1 . . . . . . . . . Recall Investigation 1 | . 1 . . . . . . . . . . . Hauler Manifests 2 | . 1 . . . 1 . . . . . . . Registered Components 3 | . 1 1 . . . . 1 . . . . . Zone Layout 2 | . . 1 1 . . . . . . . . . Fabricator Hacks 8 | . . . . . 8 . . . . . . . Load Schematic 4 | . . . . . 4 . . . . . . . Build 4 | . . . . . 4 . . . . . . . Repair Station Hacks 14 | . . 3 4 . 7 . . . . . . . Scan Component 9 | . . 2 2 . 5 . . . . . . . Repair 5 | . . 1 2 . 2 . . . . . . . Recycling Unit Hacks 4 | . . . . 1 . . 3 . . . . . Process 1 | . . . . . . . 1 . . . . . Retrieve Matter 2 | . . . . . . . 2 . . . . . Retrieve Components 1 | . . . . 1 . . . . . . . . Scanalyzer 14 | . . 7 . . 2 . 4 . . . . 1 Insert Component 5 | . . 2 . . 1 . 1 . . . . 1 Analyze 4 | . . 2 . . 1 . 1 . . . . . Retrieve Study 5 | . . 3 . . . . 2 . . . . . Garrison Access Hacks 4 | . . . 1 . 2 . 1 . . . . . Seal Access 4 | . . . 1 . 2 . 1 . . . . . Unauthorized Hacks 76 | . 11 16 9 11 11 4 4 2 . . 4 4 Terminals 60 | . 9 13 7 5 8 4 4 2 . . 4 4 Assimilate 3 | . 1 1 . . . . . . . . . 1 Botnet 55 | . 8 11 6 5 8 4 4 2 . . 4 3 Detonate 2 | . . 1 1 . . . . . . . . . Fabricators . | . . . . . . . . . . . . . Repair Stations . | . . . . . . . . . . . . . Recycling Units 16 | . 2 3 2 6 3 . . . . . . . Mask 2 | . . 1 . . 1 . . . . . . . Tunnel 14 | . 2 2 2 6 2 . . . . . . . Scanalyzers . | . . . . . . . . . . . . . Garrison Access . | . . . . . . . . . . . . . Data Cores Recovered 2 | . . . . . 1 . . . . . 1 . Used . | . . . . . . . . . . . . . Hacking Detections 84 | . 7 13 9 8 17 4 7 5 2 . 8 4 Full Trace Events 17 | . 3 . . 5 4 2 2 . . . . 1 Feedback Events 1 | . 1 . . . . . . . . . . . Corruption 1 | . 1 . . . . . . . . . . . Feedback Blocked . | . . . . . . . . . . . . . Robot Schematics Acquired 2 | . . . . . 2 . . . . . . . Robots Built 3 | . . . . . 3 . . . . . . . Authchips . | . . . . . . . . . . . . . Time 232 | . . . . . 232 . . . . . . . Total Robot Build Rating 9 | . . . . . 9 . . . . . . . Part Schematics Acquired 14 | . 2 2 . 5 3 . 2 . . . . . Parts Built 4 | . . . . . 4 . . . . . . . Authchips . | . . . . . . . . . . . . . Time 78 | . . . . . 78 . . . . . . . Total Part Build Rating 14 | . . . . . 14 . . . . . . . Part Studies Acquired 5 | . . 3 . . . . 2 . . . . . Parts Repaired 5 | . . 1 2 . 2 . . . . . . . Time 170 | . . 26 76 . 68 . . . . . . . Parts Recycled . | . . . . . . . . . . . . . Recycled Matter 5 | . . . . . . . 5 . . . . . Retrieved Matter 5 | . . . . . . . 5 . . . . . Retrieved Components 2 | . . . . 2 . . . . . . . . Parts Scanalyzed 4 | . . 2 . . 1 . 1 . . . . . Part Schematics Acquired 4 | . . 2 . . 1 . 1 . . . . . Parts Damaged . | . . . . . . . . . . . . . Bothacking | -11 -10 -9 -9 -9 -7 -6 -5 -5 -5 -5 -5 -4 ------------ Run | Yrd Mat Mat Sto Rec Fac Fac Fac Ext Cet Arc Hub Fac Used RIF Installer . | . . . . . . . . . . . . . Robots Hacked 3 | . . . . 3 . . . . . . . . Non-combat 3 | . . . . 3 . . . . . . . . Combat . | . . . . . . . . . . . . . Robot Hacks Applied 4 | . . . . 4 . . . . . . . . no_distress 1 | . . . . 1 . . . . . . . . find_recycling 3 | . . . . 3 . . . . . . . . Relay Couplers Released 4 | . . . . . . 1 . . . . 3 . Machine Destruction 4 | . . . . . . 1 . . . . 3 . Fabnet Peak Effective % . | . . . . . . . . . . . . . Robots Rewired 13 | . . . . 6 . . . 7 . . . . Allies Hacked . | . . . . . . . . . . . . . Hacks Repelled . | . . . . . . . . . . . . . Allies | -11 -10 -9 -9 -9 -7 -6 -5 -5 -5 -5 -5 -4 -------- Run | Yrd Mat Mat Sto Rec Fac Fac Fac Ext Cet Arc Hub Fac Total Allies 34 | . . . 10 6 3 . . 10 5 . . . Largest Group 16 | . . . 10 16 16 . . 7 6 6 5 . Highest-Rated Group 632 | . . . 88 204 204 . . 174 632 625 473 . Highest-Rated Ally 159 | . . . 16 34 34 . . 159 152 152 96 . Total Orders 3 | . . . 2 . . . . 1 . . . . STAY 1 | . . . 1 . . . . . . . . . FOLLOW 1 | . . . 1 . . . . . . . . . AID 1 | . . . . . . . . 1 . . . . Ally Attacks 278 | . . . . 25 67 . . 60 44 35 47 . Total Damage 7767 | . . . . 167 1345 . . 1706 1626 1295 1628 . Kills 53 | . . . . 4 14 . . 17 8 2 8 . Allies Corrupted . | . . . . . . . . . . . . . Allies Melted . | . . . . . . . . . . . . . Intel | -11 -10 -9 -9 -9 -7 -6 -5 -5 -5 -5 -5 -4 ------- Run | Yrd Mat Mat Sto Rec Fac Fac Fac Ext Cet Arc Hub Fac Active Infowar (turns) 22660 | 7394 1228 2018 2197 987 2587 863 930 1153 967 337 1460 539 Optics 3795 | . . . . . . . . 500 967 337 1460 531 Sensors 10743 | . . 2014 2197 987 2587 650 783 653 . . 333 539 Terrain 1865 | . . . . . . 487 593 . . . 652 133 Seismic 8626 | 7394 1228 4 . . . . . . . . . . Robot Analysis Total 1 | . . . . . 1 . . . . . . . Derelict Logs Recovered . | . . . . . . . . . . . . . Drone Launches 2 | . . . . . . . . . . . . 2 Drone Recoveries . | . . . . . . . . . . . . . Exploration | -11 -10 -9 -9 -9 -7 -6 -5 -5 -5 -5 -5 -4 ------------- Run | Yrd Mat Mat Sto Rec Fac Fac Fac Ext Cet Arc Hub Fac Turns Passed 25553 | 8285 1228 2516 2273 987 3043 1119 946 1646 967 337 1460 746 Spaces Moved 11777 | 676 559 1340 1156 674 2298 811 1518 904 484 186 710 461 Core 339 | 6 . . . . . 6 220 . . . . 107 Treads 3170 | 669 277 22 . . . . . 729 484 186 710 93 Legs 5188 | 1 282 1318 1156 674 1441 223 . . . . . 93 Wheels 55 | . . . . . . . . . . . . 55 Hover 1552 | . . . . . 857 582 . . . . . 113 Flight 1473 | . . . . . . . 1298 175 . . . . Fastest Speed 34 | 50 120 105 121 121 45 50 34 37 160 160 160 50 Average Speed 111 | 158 139 128 128 121 93 77 37 136 160 160 160 105 Slowest Speed 270 | 160 160 190 270 121 126 121 200 160 160 160 160 240 Overloaded Moves . | . . . . . . . . . . . . . Propulsion Burnouts . | . . . . . . . . . . . . . Robots Hopped 3 | . . . . . . . . 3 . . . . Potential Cave-ins . | . . . . . . . . . . . . . Cave-ins Triggered . | . . . . . . . . . . . . . Exploration Rate (%) 63 | 66 81 81 91 87 40 17 24 72 96 97 57 20 Regions Visited 12 Branch Regions 6 Pre-discovered Areas 14 | . 2 2 2 6 2 . . . . . . . Known Exits Taken 11 | . 1 1 1 1 1 1 1 1 1 1 1 . Unknown Exits Taken 1 | 1 . . . . . . . . . . . . Scrap Searched . | . . . . . . . . . . . . . Spaces Dug 34 | . 3 4 5 . 8 2 8 1 . . 1 2 Terrain Destroyed 336 | . 20 19 42 6 132 2 38 3 2 3 28 41 Melee 31 | . . 4 5 . 8 2 8 1 . . 1 2 Projectile 54 | . 3 . . . 1 . . 2 2 3 27 16 AOE 251 | . 17 15 37 6 123 . 30 . . . . 23 Terrain Rammed . | . . . . . . . . . . . . . Walls Destroyed . | . . . . . . . . . . . . . Machines Disabled . | . . . . . . . . . . . . . Actions | -11 -10 -9 -9 -9 -7 -6 -5 -5 -5 -5 -5 -4 --------- Run | Yrd Mat Mat Sto Rec Fac Fac Fac Ext Cet Arc Hub Fac Total 22736 | 7829 909 1941 1772 827 2886 1204 1820 1228 611 216 889 604 Wait 9239 | 7104 255 313 439 115 228 303 207 122 63 7 55 28 Move 11759 | 675 558 1339 1155 673 2297 810 1517 897 483 185 709 461 Hop 3 | . . . . . . . . 3 . . . . Pick Up 115 | 8 9 24 8 . 21 3 4 20 3 2 9 4 Fast Attach 93 | 6 . 6 12 . 9 9 19 14 2 . 6 10 Attach 80 | 1 . 7 2 . 24 13 3 3 5 3 6 13 Detach 24 | . . 3 1 . 9 2 1 . 4 2 . 2 Swap 207 | 2 15 66 20 1 58 10 2 11 6 . 11 5 Drop 150 | . 12 40 13 . 29 2 10 21 5 4 7 7 Fire 710 | 33 58 98 92 18 155 36 28 41 28 10 58 55 Melee 231 | . . 41 22 20 40 16 29 25 12 . 10 16 Ram . | . . . . . . . . . . . . . Kick 14 | . 1 4 8 . 1 . . . . . . . Crush 26 | . 1 . . . . . . 1 . 3 18 3 Escape Stasis 23 | . . . . . 13 . . 10 . . . . Rewire 60 | . . . . . . . . 60 . . . . Trap 2 | . . . . . 2 . . . . . . . Miscellaneous . | . . . . . . . . . . . . . Route ------- -11/Scrapyard -10/Materials (discovered 5 exits: *Mat x3 / *Min / [*Sub]) -9/Materials (discovered 5 exits: *Mat x3 / *Min / *Sto) -9/Storage (discovered 2 exits: *Mat / *Rec) -9/Recycling -7/Factory (discovered 6 exits: *Fac x4 / *Low x2) -6/Factory (discovered 4 exits: *Fac x4) -5/Factory (discovered 5 exits: *Fac / Upp x2 / *Ext x2) -5/Extension (discovered 2 exits: *Fac / *Cet) -5/Cetus (discovered 3 exits: *Fac x2 / *Arc) -5/Archives (discovered 3 exits: *Fac / *Hub x2) -5/Hub_04(d) (discovered 3 exits: *Fac x3) -4/Factory History --------- Turn | Location | Event 9 | -11/Scrapyard | Discovered new exit (range 15) 8286 | -11/Scrapyard | Entered Materials 8305 | -10/Materials | Build established: Mutant 8315 | -10/Materials | Identified exit to Mines 8587 | -10/Materials | Discovered new exit (range 12) 8665 | -10/Materials | Discovered new exit (range 14) 8724 | -10/Materials | Central database locked down 8863 | -10/Materials | Discovered new exit (range 5) 9061 | -10/Materials | Discovered new exit (range 5) 9086 | -10/Materials | Derelicts attacked the area 9120 | -10/Materials | Identified exit to Materials 9250 | -10/Materials | Core integrity fell below 50% 9514 | -10/Materials | Entered another Materials area 9514 | -9/Materials | Evolved 2 slots: Propulsion x1, Utility x1 9715 | -9/Materials | Repaired Lgt. Treads 9806 | -9/Materials | Discovered new exit (range 15) 10321 | -9/Materials | Identified exit to Mines 10321 | -9/Materials | Identified exit to Storage 10397 | -9/Materials | Identified exit to Materials 10687 | -9/Materials | Build established: Scavenger-Mutant 11752 | -9/Materials | Central database locked down 12030 | -9/Materials | Entered Storage 12139 | -9/Storage | Garrison activated, responded to threat 12270 | -9/Storage | Build established: Mutant 12970 | -9/Storage | Discovered exit to Materials (range 16) 13191 | -9/Storage | Identified exit to Recycling 13647 | -9/Storage | Used back door to open Recycling access 13734 | -9/Storage | Assisted by bots powering up and referring to "LRC-V3" 14038 | -9/Storage | Build established: Commander-Mutant 14127 | -9/Storage | Repaired Titanium Leg 14166 | -9/Storage | Repaired Titanium Leg 14303 | -9/Storage | Entered Recycling 14303 | -9/Recycling | Accompanied by 10 allies 14837 | -9/Recycling | Scanned before Scraplab entrance 15172 | -9/Recycling | Discovered new exit (range 7) 15179 | -9/Recycling | Identified exit to Factory 15290 | -9/Recycling | Entered Factory 15290 | -7/Factory | Accompanied by 16 allies 15290 | -7/Factory | Evolved 4 slots: Propulsion x1, Utility x2, Weapon x1 15330 | -7/Factory | Identified exit to DSF 15437 | -7/Factory | Lost 3 allies 15498 | -7/Factory | Garrison activated, responded to threat 15520 | -7/Factory | Lost 10 allies 15753 | -7/Factory | Build established: Hacker-Mutant 16330 | -7/Factory | Fabricated Adv. Sensor Array (x2) 16413 | -7/Factory | Fabricated Imp. Aluminum Leg (x2) 16890 | -7/Factory | First assault squad dispatched 17062 | -7/Factory | Identified exit to Lower Caves 17062 | -7/Factory | Watched by a mysterious "MATRIX" hacker 17062 | -7/Factory | Identified exit to Factory 17265 | -7/Factory | Repaired Adv. Beam Rifle 17401 | -7/Factory | Fabricated G-47 Trooper? 17463 | -7/Factory | Garrison activated, responded to threat 17671 | -7/Factory | Lost 4 parts (1p3n) 17882 | -7/Factory | Garrison activated, responded to threat 17887 | -7/Factory | Repaired Titanium Leg 17899 | -7/Factory | Core integrity fell below 50% 17948 | -7/Factory | System corruption reached 10% 18333 | -7/Factory | Entered another Factory area 18333 | -6/Factory | Evolved 2 slots: Propulsion x1, Utility x1 18651 | -6/Factory | Identified exit to DSF 18883 | -6/Factory | Core integrity fell below 50% 18913 | -6/Factory | Lost 15 parts (3p5n4u3w) 19318 | -6/Factory | Identified exit to Factory 19376 | -6/Factory | Lost 4 parts (2n2u) 19445 | -6/Factory | System corruption reached 10% 19452 | -6/Factory | Entered another Factory area 19452 | -5/Factory | Evolved 2 slots: Utility x2 19480 | -5/Factory | Lost 4 parts (1p1n1u1w) 19531 | -5/Factory | Allied Derelicts emerged from ambush trap array 19771 | -5/Factory | Lost 3 allies 19886 | -5/Factory | Build established: Scout 20130 | -5/Factory | Cargo convoy interrupted 20157 | -5/Factory | Discovered new exit (range 7) 20159 | -5/Factory | Identified exit to Factory 20180 | -5/Factory | Identified exit to Upper Caves 20180 | -5/Factory | Identified exit to Extension 20352 | -5/Factory | System corruption reached 10% 20398 | -5/Factory | Entered Extension 20509 | -5/Extension | Build established: Hacker-Mutant 20857 | -5/Extension | Rescued a captive Derelict 20858 | -5/Extension | Rescued a captive Derelict 20881 | -5/Extension | Spotted B-75 Beast 20890 | -5/Extension | Allies destroyed B-75 Beast 20899 | -5/Extension | Spotted B-75 Beast 20927 | -5/Extension | Lost 7 allies 21036 | -5/Extension | Build established: Scavenger-Mutant 21082 | -5/Extension | Lost 3 parts (3u) 21389 | -5/Extension | Rescued A7 21649 | -5/Extension | Allies destroyed B-75 Beast 22008 | -5/Extension | Discovered exit to Factory (range 18) 22008 | -5/Extension | Discovered new exit (range 18) 22036 | -5/Extension | Identified exit to Cetus 22044 | -5/Extension | Entered Cetus 22044 | -5/Cetus | Accompanied by 1 ally (A7) 22049 | -5/Cetus | Acquired a Cetus Manufacturing Module code from A7 22064 | -5/Cetus | Spotted Cetus Guard 22065 | -5/Cetus | Spotted Cetus Guard 22068 | -5/Cetus | Spotted Cetus Guard 22073 | -5/Cetus | Allies destroyed Cetus Guard 22073 | -5/Cetus | Spotted Cetus Guard 22089 | -5/Cetus | Allies destroyed Cetus Guard 22101 | -5/Cetus | Allies destroyed Cetus Guard 22102 | -5/Cetus | Destroyed Cetus Guard 22177 | -5/Cetus | Started Cetus Manufacturing Module 22202 | -5/Cetus | Manufactured an Enhanced Grunt 22227 | -5/Cetus | Manufactured an Enhanced Grunt 22252 | -5/Cetus | Manufactured an Enhanced Grunt 22277 | -5/Cetus | Manufactured an Enhanced Grunt 22302 | -5/Cetus | Manufactured an Enhanced Grunt 22335 | -5/Cetus | Escorted A7 to Cetus Mainframe 22437 | -5/Cetus | Discovered new exit (range 18) 22463 | -5/Cetus | Identified exit to Archives 22496 | -5/Cetus | Spotted Cetus Guard 22496 | -5/Cetus | Spotted Cetus Guard 22499 | -5/Cetus | Spotted Cetus Guard 22503 | -5/Cetus | Spotted Cetus Guard 22508 | -5/Cetus | Allies destroyed Cetus Guard 22510 | -5/Cetus | Destroyed Cetus Guard 22514 | -5/Cetus | Destroyed Cetus Guard 22523 | -5/Cetus | Destroyed Cetus Guard 22528 | -5/Cetus | Discovered exit to Factory (range 18) 22541 | -5/Cetus | Met Revision 17 22761 | -5/Cetus | Discovered exit to Factory (range 17) 22794 | -5/Cetus | Security sweep announced 23011 | -5/Cetus | Entered Archives 23011 | -5/Archives | Accompanied by 6 allies (A7) 23016 | -5/Archives | Received a hacking code to weaken MAIN.C 23076 | -5/Archives | Unable to access archive contents 23095 | -5/Archives | Unable to access archive contents 23098 | -5/Archives | Discovered new exit (range 16) 23111 | -5/Archives | Unable to access archive contents 23113 | -5/Archives | Discovered new exit (range 16) 23127 | -5/Archives | Unable to access archive contents 23165 | -5/Archives | Identified exit to Hub_04(d) 23253 | -5/Archives | Discovered exit to Factory (range 18) 23348 | -5/Archives | Entered Hub_04(d) 23348 | -5/Hub_04(d) | Accompanied by 5 allies 23366 | -5/Hub_04(d) | Build established: Scavenger-Tank 23401 | -5/Hub_04(d) | Discovered exit to Factory (range 18) 23623 | -5/Hub_04(d) | Discovered exit to Factory (range 18) 23846 | -5/Hub_04(d) | Spotted B-75 Beast 23870 | -5/Hub_04(d) | Allies destroyed B-75 Beast 23891 | -5/Hub_04(d) | Build established: Scavenger-Skirmisher 23905 | -5/Hub_04(d) | Lost 4 allies 23994 | -5/Hub_04(d) | Lost 3 parts (3u) 24273 | -5/Hub_04(d) | Discovered exit to Factory (range 13) 24808 | -5/Hub_04(d) | Entered Factory 24808 | -4/Factory | Evolved 2 slots: Power x1, Utility x1 24998 | -4/Factory | Lost 4 parts (2n2w) 25202 | -4/Factory | Garrison activated, responded to threat 25312 | -4/Factory | Lost 12 parts (2p3n4u3w) 25339 | -4/Factory | Released all parts (7) 25369 | -4/Factory | Lost 7 parts (1p3n1u2w) 25533 | -4/Factory | Core integrity fell below 50% 25549 | -4/Factory | Core integrity fell below 20% 25554 | -4/Factory | Destroyed by P-70 Sage with Tesla Rifle Last Messages --------------- 25532_ Lrn. Sensor Array destroyed. 25537_ K-01 Serf destroyed. 25537_ K-01 Serf collects debris. 25542_ Triggered Alarm Trap. 25542_ An alarm sounds. 25542_ ALERT: Alarm triggered, dispatching investigation squad. 25544_ K-01 Serf collects debris. 25545_ Penetrated by Slug. 25546_ K-01 Serf collects debris. 25547_ U-05 Engineer lays Concrete. 25547_ K-01 Serf cleans the Neutrino Reactor. 25548_ Penetrated by Slug. 25549_ K-01 Serf collects debris. 25550_ P-70 Sage resets P-70 Sage, system corruption cleaned. 25550_ U-05 Engineer lays Concrete. 25553_ System corrupted: Matter fused (-6). 25553_ Centrium Wheel destroyed. 25554_ U-05 Engineer lays Concrete. Map ----- +----------------------------------------------------+ | #??????????# """ # #???????????? | | #??????????# "" # #???????????? | | """ #??????????#] # #???????????? | | """ #??????????############## #???????????? | | """ #???????????????????##### #???????????? | | #??????????????# ?? # #???????????? | | #??????????????# """ # ############# | | #??????????????# """ # # | | ######??????????????# """ # # | | ????????????????????# # # | | ????????????????????# # # """ """ "" | | ????????????????????# # # """ """ "" | | ????????????????????# "" # # """ """ "" | | ????????????????????# "" # # | | ????????????????????# "T " ] + | | ????????????????????# "" # ############# | | ????????????????????# "" # #???????????? | | ????????????????????# # * k #???????????? | | ????????????##+############### %!h ############# | | ???????????? k ph | | ???????????? p k | | ??????????? | | ??????????? | | ?????????? u | | ?????????? | | ?????????? k @ | | ?????????????????###############;################# | | ??????????????????????????????# #?????? | | ??????????????????????????????# #?????? | | ??????????????????????????????# """ #?????? | | ??????????????????????????????# """ #?????? | | ??????????????????????????????#"" """ #?????? | | ??????????????????????????????#"" *** #?????? | | ??????????????????????????????#"" """ ??*???????? | | ??????????????????????????????#T """ ??????????? | | ???????????????????????????????"" """???????????? | | ????????????????????????????????" ????????????? | | ????????????????????????????????" ?????????????? | | ????????????????????????????????? ????????????? | | ????????????????????????????????? ##?????????????? | | ?????????????????????????????????#???????????????? | | ?????????????????????????????????????????????????? | | ?????????????????????????????????????????????????? | | ?????????????????????????????????????????????????? | | ?????????????????????????????????????????????????? | | ?????????????????????????????????????????????????? | | ?????????????????????????????????????????????????? | | ?????????????????????????????????????????????????? | | ?????????????????????????????????????????????????? | | ?????????????????????????????????????????????????? | +----------------------------------------------------+ Best States ------------- Heat Dissipation 81 Energy Generation 35 Energy Capacity 535 Matter Stores 300 Matter Capacity 300 Sight Range 18 Robot Scan Range 18 Terrain Scan Range 20 Terrain Scan Density 210 Armor Coverage 375 Resistance: KI 20 Resistance: TH 30 Resistance: EX 70 Resistance: EM 20 Resistance: I 20 Resistance: S 20 Resistance: P 20 Core Shielding 30 Evasion (%) 63 Targeting Accuracy 16 Core Analysis 6 Recoil Reduction 5 Particle Charging 20 Offensive Hacking 30 Defensive Hacking 14 Item Schematics ----------------- Aluminum Leg | -10/Materials | Hacked Med. Storage Unit | -10/Materials | Hacked Katana | -9/Materials | Scanalyzed Rocket Launcher | -9/Materials | Scanalyzed Imp. Aluminum Leg | -9/Recycling | Hacked EM Shotgun | -9/Recycling | Hacked Lgt. Armor Plating | -9/Recycling | Hacked Med. Armor Plating | -9/Recycling | Hacked Hrd. Light Armor Plating | -9/Recycling | Hacked Airjet | -7/Factory | Scanalyzed Adv. Sensor Array | -7/Factory | Hacked Lrg. Storage Unit | -7/Factory | Hacked Nuclear Pulse Array | -5/Factory | Scanalyzed Beam Cannon | -5/Factory | Hacked Robot Schematics ------------------ G-47 Trooper | -7/Factory | Hacked G-34 Mercenary | -7/Factory | Hacked Fabricated ------------ Adv. Sensor Array | x2 | -7/Factory Imp. Aluminum Leg | x2 | -7/Factory G-47 Trooper | x3 | -7/Factory Repaired ---------- Lgt. Treads | 25% | -9/Materials Titanium Leg | 46% | -9/Storage Titanium Leg | 48% | -9/Storage Adv. Beam Rifle | 38% | -7/Factory Titanium Leg | 29% | -7/Factory Studied --------- Aluminum Leg | -9/Materials | Hacked Lgt. Ion Engine | -9/Materials | Hacked Ion Engine | -9/Materials | Hacked Flail | -5/Factory | Hacked Hvy. Rocket Launcher | -5/Factory | Hacked Alien Tech Used ----------------- None Achievements -------------- Main Advantage Project G-00 Revising The Future Slippery One Challenges ------------ None Game ------ Seed MiniImprinterScrap Manual? 0 Play Time 03:47:51 Cumulative 135.6 hours Start 2026.09.21 @ 04:57:30 End 2026.09.21 @ 08:49:11 Sessions 1 Manual Loads 0 Difficulty Adventurer Special Mode None Game No. 61 Rogue 0 Adventurer 61 Explorer 0 Win Type - Total 1 Types 1/0/0/0/0/0/0/0/0/0 Lore% 54 Gallery% 44 Achievement% 41 Wizard Run 0 Options --------- Layout 2 ASCII 0 Keyboard 0 Movement Arrows Keybinds 0 Fullscreen 1 Font 16/Terminus Map View 55x47 Zoom Use 0% Tactical HUD 1 Map Filters NONE Filters NONE Steam 1 RUN: b37c1024-7b88-4fcb-99d6-6c7bf8cdcd4c